Map: Frost LE

Players

Major (SpeCial)

  • Race: Terran Terran
  • League: Grandmaster

LiquidTLO (TLO) - Winner!

  • Race: Zerg Zerg
  • League: Grandmaster

VOD

Have the link to the VOD?

Description

Time

  • Played on: July 2, 2016, 10:18 a.m.
  • Length: 10:22
Show
View Real Time Build Order
Export as new Build Order

Major Terran 

Build Orders: Liberator Opening, Reaper Expand, MMM Bio 

Get SALT Encoding   

  12  0:03  SCV  
  13  0:15  SCV  
  13  0:18  Supply Depot  
  14  0:28  SCV  
  15  0:40  SCV  
  16  0:44  Barracks  
  16  0:46  Refinery  
  16  0:52  SCV  
  17  1:04  SCV  
  18  1:16  SCV  
  19  1:31  Reaper, Orbital Command  
  20  1:42  Command Center  
  20  1:56  Supply Depot  
  20  1:58  SCV  
  21  2:03  Marine  
  22  2:11  Factory  
  22  2:12  SCV  
  23  2:19  Refinery  
  23  2:24  Barracks Reactor, SCV  
  24  2:36  SCV  
  25  2:48  SCV  
  26  2:55  Orbital Command  
  26  2:58  Supply Depot  
  26  2:59  Starport  
  26  3:00  SCV  
  27  3:11  Barracks Reactor  
  27  3:12  Hellion x2  
  31  3:13  SCV  
  32  3:21  SCV  
  32  3:26  Refinery, SCV  
  34  3:33  SCV  
  39  3:34  Hellion x2  
  38  3:42  SCV  
  38  3:45  SCV, Liberator  
  38  3:46  Liberator  
  40  3:54  SCV  
  41  3:57  Hellion x2, SCV  
  41  3:58  Supply Depot  
  49  4:07  SCV  
  49  4:09  SCV  
  54  4:14  Armory  
  54  4:23  SCV  
  54  4:24  SCV  
  56  4:25  Hellion x2  
  56  4:28  Supply Depot  
  60  4:34  Liberator  
  60  4:35  SCV  
  60  4:36  SCV  
  62  4:50  Hellion x2, SCV  
  62  4:51  Supply Depot  
  70  4:55  Liberator  
  70  5:13  SCV x2  
  70  5:14  Supply Depot  
  75  5:19  Hellion  
  75  5:20  Hellion, Liberator  
  73  5:25  SCV x2  
  63  5:37  Command Center, SCV  
  63  5:38  Liberator  
  63  5:40  SCV  
  63  5:41  Hellion x2  
  68  5:43  Barracks Tech Lab  
  68  5:45  Refinery  
  68  5:49  SCV  
  69  5:56  SCV  
  73  6:01  SCV  
  73  6:02  Hellion  
  73  6:03  Hellion  
  76  6:08  Supply Depot, SCV  
  76  6:09  Marine  
  76  6:10  Stimpack  
  76  6:11  Engineering Bay x2  
  78  6:13  SCV  
  79  6:23  Liberator  
  79  6:24  Hellion x2, Liberator, SCV  
  82  6:25  SCV  
  82  6:29  Barracks  
  82  6:30  Barracks  
  82  6:36  Supply Depot, SCV  
  82  6:37  SCV  
  84  6:45  Terran Infantry Weapons Level 1, Terran Infantry Armor Level 1  
  90  6:48  SCV  
  90  6:49  SCV  
  90  6:52  Hellion  
  94  6:54  Hellion  
  95  7:04  Marine  
  92  7:11  SCV x2, Orbital Command  
  92  7:13  Barracks  
  92  7:14  Barracks  
  94  7:19  Barracks Reactor  
  94  7:23  SCV x2  
  94  7:25  Supply Depot, Marine, Factory Reactor  
  94  7:26  Supply Depot  
  96  7:33  Marine x2  
  98  7:43  Marine  
  97  7:46  Medivac x2  
  96  7:51  Marine x2  
  96  7:55  SCV x2  
  96  7:56  Marine x2, SCV  
  97  8:01  Marine, Widow Mine x2  
  97  8:05  Supply Depot, Orbital Command  
  102  8:07  Barracks Reactor  
  102  8:08  Supply Depot, Barracks Reactor, Armory  
  102  8:09  Marine x2  
  102  8:10  Combat Shields  
  104  8:14  Marine x2  
  104  8:17  Supply Depot  
  104  8:18  Supply Depot  
  104  8:19  Marine  
  105  8:21  SCV x2  
  105  8:27  Marine x2, Missile Turret  
  107  8:32  Marine x2  
  107  8:33  Widow Mine x2  
  113  8:36  Marine  
  114  8:44  Marine  
  114  8:45  Marine  
  114  8:46  Marine  
  114  8:47  Marine  
  118  8:49  Marine x2  
  118  8:50  Marine  
  115  8:56  Medivac x2  
  115  8:58  Marine  
  106  9:04  Marine x2  
  106  9:07  Marine x2  
  106  9:14  Marine x4  
  102  9:18  Orbital Command  
  102  9:19  Widow Mine  
  102  9:24  Widow Mine  
  104  9:26  Medivac  
  104  9:30  Marine x2  
  110  9:38  Marine x4  
  106  9:39  Marine x3  
  110  9:48  Marine x2  
  106  9:56  Marine x4  
  106  9:57  Marine x2  
  107  10:01  Marine  
Show
View Real Time Build Order
Export as new Build Order

LiquidTLO Zerg - Winner!

Build Orders: Hatch First 

Get SALT Encoding   

  12  0:01  Drone  
  13  0:13  Overlord  
  13  0:19  Drone  
  14  0:32  Drone x2  
  16  0:37  Drone  
  17  0:52  Hatchery  
  17  0:55  Drone  
  17  0:59  Drone  
  17  1:03  Extractor  
  17  1:15  Spawning Pool  
  16  1:18  Drone  
  16  1:22  Drone  
  18  1:29  Drone  
  19  1:40  Overlord  
  19  2:02  Queen  
  19  2:03  Zergling x2  
  19  2:04  Queen  
  19  2:05  Metabolic Boost, Zergling x2  
  25  2:10  Drone  
  26  2:16  Zergling x2  
  26  2:17  Drone  
  26  2:22  Drone  
  29  2:30  Overlord  
  29  2:34  Drone  
  29  2:38  Queen  
  29  2:43  Drone  
  32  2:48  Drone x2  
  34  2:57  Overlord  
  34  2:59  Drone  
  35  3:08  Drone  
  35  3:09  Drone  
  35  3:12  Drone  
  38  3:13  Drone  
  38  3:16  Drone, Hatchery  
  38  3:19  Drone  
  40  3:20  Drone  
  40  3:21  Drone  
  42  3:29  Queen  
  44  3:34  Zergling x2  
  44  3:37  Zergling x2  
  45  3:41  Queen  
  45  3:43  Overlord  
  45  3:46  Extractor  
  45  3:47  Drone  
  45  3:48  Drone, Spine Crawler  
  48  3:52  Overlord  
  47  3:56  Drone x2  
  47  3:59  Drone  
  47  4:00  Drone  
  47  4:02  Drone  
  52  4:05  Zergling x4  
  54  4:11  Baneling Nest  
  52  4:18  Overlord  
  52  4:19  Queen  
  52  4:24  Drone, Spore Crawler x2  
  53  4:27  Drone  
  53  4:31  Drone  
  55  4:33  Drone  
  55  4:34  Drone  
  55  4:36  Drone  
  58  4:39  Zergling x2, Drone  
  58  4:41  Zergling x4  
  58  4:42  Zergling x2  
  63  4:47  Zergling x2  
  63  4:51  Drone  
  65  4:55  Baneling x7  
  66  5:00  Drone x2  
  66  5:01  Overlord  
  66  5:04  Zergling x2, Lair  
  66  5:06  Drone  
  69  5:07  Extractor  
  68  5:18  Zergling x2  
  68  5:20  Zergling x2  
  71  5:21  Zergling x4  
  71  5:24  Baneling x4  
  71  5:26  Zergling x2  
  70  5:30  Zergling x2  
  70  5:31  Drone x2  
  70  5:32  Drone x2  
  70  5:34  Drone  
  73  5:36  Drone  
  73  5:37  Roach Warren, Drone x2  
  73  5:40  Drone  
  73  5:43  Drone  
  73  5:44  Drone  
  73  5:45  Drone x2  
  73  5:46  Spore Crawler  
  73  5:49  Drone  
  77  5:52  Extractor, Drone  
  77  5:53  Drone  
  77  5:56  Drone  
  77  5:57  Spore Crawler  
  73  6:07  Overlord  
  73  6:11  Spine Crawler  
  72  6:16  Overlord  
  72  6:17  Overlord  
  72  6:19  Roach x6  
  72  6:22  Roach  
  72  6:23  Roach  
  88  6:26  Roach  
  88  6:30  Burrow  
  88  6:31  Roach x2  
  94  6:34  Roach  
  94  6:36  Roach  
  98  6:41  Extractor, Ravager x3  
  98  6:43  Drone  
  98  6:44  Extractor, Drone  
  98  6:46  Roach  
  101  6:47  Roach x2  
  101  6:50  Roach  
  101  6:51  Roach  
  101  6:53  Roach  
  111  6:57  Overlord, Roach  
  113  7:01  Drone  
  113  7:04  Zergling x2  
  114  7:09  Overlord  
  114  7:13  Overlord  
  114  7:16  Drone  
  114  7:17  Evolution Chamber  
  114  7:20  Drone  
  114  7:22  Spire, Roach x2  
  118  7:24  Ravager  
  118  7:26  Overlord  
  118  7:27  Drone  
  119  7:30  Drone  
  119  7:31  Ravager  
  119  7:34  Roach  
  123  7:38  Roach  
  123  7:39  Roach  
  123  7:41  Roach  
  129  7:45  Roach  
  129  7:46  Roach  
  133  7:54  Roach  
  133  7:56  Roach x2  
  138  7:58  Overlord  
  138  8:05  Tunneling Claws  
  138  8:06  Zerg Missile Weapons Level 1  
  138  8:07  Overlord  
  138  8:08  Roach x11  
  138  8:09  Overlord, Roach x3  
  138  8:14  Overlord  
  138  8:15  Overlord  
  138  8:17  Overlord, Hatchery  
  138  8:18  Pneumatized Carapace  
  138  8:19  Overseer  
  137  8:20  Ravager  
  137  8:21  Ravager x2  
  137  8:22  Roach  
  137  8:24  Roach  
  144  8:31  Roach  
  144  8:32  Roach x22  
  150  8:36  Drone x2  
  150  8:38  Evolution Chamber  
  150  8:39  Drone  
  150  8:45  Drone  
  149  8:52  Roach x2  
  149  8:53  Roach x2  
  155  9:00  Roach  
  155  9:01  Roach x2  
  155  9:02  Roach  
  154  9:03  Roach x2  
  154  9:04  Roach x2  
  154  9:07  Roach  
  154  9:10  Roach  
  154  9:14  Roach  
  154  9:16  Roach  
  153  9:18  Roach x2  
  153  9:20  Roach  
  153  9:21  Roach  
  153  9:24  Ravager x3  
  161  9:28  Roach  
  161  9:29  Roach  
  161  9:30  Ravager x2  
  167  9:34  Roach  
  167  9:36  Roach  
  167  9:38  Roach  
  170  9:41  Roach  
  170  9:45  Roach x15  
  169  9:51  Roach x2  
  163  9:53  Roach  
  163  9:59  Roach  
Tags
 
Add a new tag
Caveats
  • Supply blocks, unpowered buildings, or Contaminate may cause inaccurate times.
  • Supply counts are checked every 10 seconds.